Calgary Flames vs Washington Capitals

Created - Thursday, October 9, 2025 at 07:51

Goals
1 2 3 T
Calgary Flames 3 2 0 5
Washington Capitals 2 1 0 3
Shots
1 2 3 T
Calgary Flames 8 18 11 37
Washington Capitals 10 8 18 36

1st period

1. Calgary Flames , Joel Eriksson Ek 12 (Angus Crookshank 1, Pavel Zacha 5) at 1:56
2. Washington Capitals , Jason Robertson 20 (Drake Batherson 20, Tomas Hertl 19) at 2:22 (PP)
3. Calgary Flames , Bo Horvat 29 (Sebastian Aho 34) at 2:46
4. Calgary Flames , Alec Martinez 3 (Nic Dowd 8, Nick Paul 6) at 2:52
5. Washington Capitals , Drake Batherson 22 (Tomas Hertl 20, Jason Robertson 26) at 11:10

Penalties :
J.T. Miller (CGY) for Slashing (Minor) at 2:08, J.T. Miller (CGY) for Tripping (Minor) at 8:39, Tyler Myers (WSH) for Tripping (Minor) at 17:34

2nd period

6. Calgary Flames , Angus Crookshank 1 (Joel Eriksson Ek 16, Pavel Zacha 6) at 6:23
7. Washington Capitals , John Carlson 8 (Alex Ovechkin 20, Nico Hischier 34) at 9:48 (PP)
8. Calgary Flames , Nic Dowd 7 (Ben Meyers 6, Drew Doughty 10) at 11:43

Penalties :
Kris Letang (CGY) for Interference (Minor) at 9:14, Owen Tippett (WSH) for Holding (Minor) at 12:43

3rd period

No Goal

Penalties :
J.T. Miller (CGY) for Interference (Minor) at 4:11, Tom Wilson (WSH) for Slashing (Double Minor) at 14:15

Goalie Stats

Pheonix Copley (CGY), 33 saves from 36 shots - (0.917), W, 3-1-0, 60:00 minutes
Jake Oettinger (WSH), 32 saves from 37 shots - (0.865), L, 18-19-2, 60:00 minutes

Players Stats for Calgary Flames

Player Name              G  A  P  +/- PIM S  H  SB GA TA FO     MP     PP MP  PK MP  
------------------------------------------------------------------------------------
Alec Martinez            1  0  1   2  0   1  0  1  0  1  0/0    21:25   4:03   2:23 
Angus Crookshank         1  1  2   2  0   1  1  0  1  0  0/1    11:11   0:00   0:00 
Ben Meyers               0  1  1   1  0   1  0  1  0  0  0/2    10:56   0:42   1:18 
Bo Horvat                1  0  1   0  0   7  0  0  2  0  14/25  20:17   3:35   2:43 
Cale Makar               0  0  0   1  0   3  1  1  2  1  0/0    23:20   3:57   2:57 
Chris Kreider            0  0  0   0  0   3  1  2  2  0  0/2    17:41   3:40   0:00 
Drew Doughty             0  1  1   2  0   0  1  5  0  0  0/0    14:05   0:00   0:00 
Filip Hronek             0  0  0   1  0   2  1  2  0  0  0/0    19:52   4:00   0:00 
J.T. Miller              0  0  0  -1  6   2  1  0  1  0  13/23  18:10   3:40   0:16 
Joel Eriksson Ek         1  1  2   2  0   3  1  1  1  1  2/4    13:44   0:00   2:33 
Kris Letang              0  0  0   1  2   2  1  1  0  0  0/0    22:45   3:57   2:23 
Mathieu Joseph           0  0  0   0  0   2  2  0  0  0  0/3    17:22   3:37   0:00 
Nic Dowd                 1  1  2   2  0   4  1  0  0  0  6/6     9:10   0:45   0:00 
Nick Paul                0  1  1   2  0   0  1  0  0  0  0/0     7:56   0:00   0:00 
Pavel Zacha              0  2  2   2  0   0  2  0  0  0  0/0    11:50   0:39   0:00 
Sebastian Aho            0  1  1   1  0   4  2  0  1  1  1/2    19:46   3:35   2:42 
Uvis Balinskis           0  0  0   1  0   0  0  1  0  2  0/0    18:35   0:00   1:49 
Zach Hyman               0  0  0   1  0   2  1  0  0  0  0/0    17:05   3:35   0:00 

Players Stats for Washington Capitals

Player Name              G  A  P  +/- PIM S  H  SB GA TA FO     MP     PP MP  PK MP  
------------------------------------------------------------------------------------
Alex Ovechkin            0  1  1  -1  0   3  2  0  1  1  0/2    16:20   2:25   0:00 
Drake Batherson          1  1  2  -3  0   3  1  0  0  0  0/0    16:17   2:21   0:31 
Fabian Zetterlund        0  0  0   0  0   2  0  0  0  0  0/0     8:58   0:00   0:00 
Ian Cole                 0  0  0  -2  0   1  2  7  0  0  0/0    21:07   0:00   3:57 
Jamie Oleksiak           0  0  0   0  0   1  0  3  0  0  0/0    17:53   0:00   4:00 
Jason Robertson          1  1  2  -3  0   4  1  0  1  0  0/0    15:33   2:21   0:00 
John Carlson             1  0  1  -1  0   4  0  1  0  5  0/0    24:00   2:21   3:57 
Lars Eller               0  0  0   0  0   0  0  0  0  1  8/19   14:24   0:00   3:38 
Nick Foligno             0  0  0   1  0   1  1  0  1  0  0/0    17:21   2:21   3:42 
Nick Jensen              0  0  0   0  0   3  0  1  0  1  0/0    12:29   0:00   0:15 
Nico Hischier            0  1  1  -1  0   4  1  0  1  0  10/20  17:05   2:25   0:45 
Owen Tippett             0  0  0   0  2   1  0  0  0  0  0/1    13:04   2:25   0:00 
Sean Kuraly              0  0  0   0  0   1  0  0  0  0  3/6    13:04   0:00   3:40 
Stefan Noesen            0  0  0   0  0   3  0  0  1  0  0/0    13:02   0:00   3:38 
Thomas Harley            0  0  0  -3  0   0  1  1  0  1  0/0    18:52   2:25   0:45 
Tom Wilson               0  0  0  -1  4   3  2  1  0  0  0/1    16:55   2:25   0:00 
Tomas Hertl              0  2  2  -3  0   2  0  0  1  0  11/19  15:33   2:21   0:00 
Tyler Myers              0  0  0  -3  2   0  0  1  0  1  0/0    20:03   0:00   3:00 

3 Stars

1 - Joel Eriksson Ek (CGY)
2 - Angus Crookshank (CGY)
3 - Nic Dowd (CGY)

Power Play

Calgary Flames - 0 on 4 Attempt(s) - 0.00%
Washington Capitals - 2 on 4 Attempt(s) - 50.00%

Penalty Kill

Calgary Flames - 2 on 4 Attempt(s) - 50.00% - Score 0 goal in Penalty Kill
Washington Capitals - 4 on 4 Attempt(s) - 100.00% - Score 0 goal in Penalty Kill

Team Stat

Calgary Flames - Hits : 17 - Faceoff Wins : 36 - Blocked Shots : 15 - Penalty Minutes : 8
Washington Capitals - Hits : 11 - Faceoff Wins : 32 - Blocked Shots : 15 - Penalty Minutes : 8

Official

Referees : Michael Markovic and Garrett Rank
Linesman : Jonny Murray and Ryan Daisy

Game Notes

No Game Note

Finance

Level 1 -- Attendance: 5713 (95.22%) -- Ticket Income $542,735
Level 2 -- Attendance: 4376 (87.52%) -- Ticket Income $227,552
Level 3 -- Attendance: 2346 (78.20%) -- Ticket Income $82,110
Level 4 -- Attendance: 4772 (95.44%) -- Ticket Income $104,984
Luxury Box -- Attendance: 982 (98.20%) -- Ticket Income $186,580
Game was played at the Verizon Center.
Total Attendance: 18189 (90.95%)
Total Ticket Income: $1,143,961
Other Income: $400,386
Total Income: $1,544,347

Calgary Flames

5 vs 5 Forward 
   Center                   Left Wing                Right Wing               Time % Phy DF OF 
 1 Bo Horvat                Sebastian Aho            Zach Hyman               30     1   2  2  
 2 J.T. Miller              Chris Kreider            Mathieu Joseph           30     1   2  2  
 3 Joel Eriksson Ek         Angus Crookshank         Pavel Zacha              25     1   2  2  
 4 Nic Dowd                 Nick Paul                Ben Meyers               15     1   2  2  

5 vs 5 Defense 
   Defense                  Defense                                           Time % Phy DF OF 
 1 Cale Makar               Kris Letang                                       35     1   2  2  
 2 Filip Hronek             Uvis Balinskis                                    35     1   2  2  
 3 Drew Doughty             Alec Martinez                                     30     1   2  2  
 4 Cale Makar               Kris Letang                                       0      1   2  2  

PowerPlay Forward 
   Center                   Left Wing                Right Wing               Time % Phy DF OF 
 1 Bo Horvat                Sebastian Aho            Zach Hyman               50     1   2  2  
 2 J.T. Miller              Chris Kreider            Mathieu Joseph           50     1   2  2  

PowerPlay Defense
   Defense                  Defense                                           Time % Phy DF OF 
 1 Cale Makar               Kris Letang                                       50     1   2  2  
 2 Filip Hronek             Alec Martinez                                     50     1   2  2  

Penalty Kill 4 Players Forward 
   Center                   Wing                     Time % Phy DF OF 
 1 Bo Horvat                Sebastian Aho            50     1   2  2  
 2 J.T. Miller              Joel Eriksson Ek         50     1   2  2  

Penalty Kill 4 Players Defense
   Defense                  Defense                  Time % Phy DF OF 
 1 Cale Makar               Kris Letang              50     1   2  2  
 2 Alec Martinez            Uvis Balinskis           50     1   2  2  

Penalty Kill - 3 Players Forward 
   Forward                                           Time % Phy DF OF 
 1 Bo Horvat                                         50     1   2  2  
 2 Sebastian Aho                                     50     1   2  2  

Penalty Kill - 3 Players Defense
   Defense                  Defense                  Time % Phy DF OF 
 1 Cale Makar               Kris Letang              50     1   2  2  
 2 Alec Martinez            Drew Doughty             50     1   2  2  

4 vs 4 Forward 
   Center                   Wing                     Time % Phy DF OF 
 1 Bo Horvat                Sebastian Aho            50     1   2  2  
 2 J.T. Miller              Joel Eriksson Ek         50     1   2  2  

4 vs 4 Defense
   Defense                  Defense                  Time % Phy DF OF 
 1 Cale Makar               Kris Letang              50     1   2  2  
 2 Drew Doughty             Alec Martinez            50     1   2  2  

Last Minutes Offensive
   Center                   Left Wing                Right Wing               Defense                  Defense                  
   Bo Horvat                Sebastian Aho            Zach Hyman               Cale Makar               Kris Letang              

Last Minutes Defensive
   Center                   Left Wing                Right Wing               Defense                  Defense                  
   Bo Horvat                Sebastian Aho            Zach Hyman               Cale Makar               Kris Letang              

Goaltenders
Starting : Pheonix Copley           
Backup : Ilya Sorokin             

Extra Forwards
Normal : Nic Dowd, Ben Meyers, Sebastian Aho - PP : Nic Dowd, Ben Meyers - PK : Bo Horvat
Extra Defensemen
Normal : Cale Makar, Alec Martinez, Kris Letang - PP : Kris Letang - PK : Alec Martinez, Cale Makar
Penalty Shots
Bo Horvat, Sebastian Aho, J.T. Miller, Joel Eriksson Ek, Zach Hyman

Scratches
Matthew Tkachuk (Bruised Right Shoulder Injury), Jeremy Lauzon (Healthy), Anton Forsberg (Healthy)

Washington Capitals

5 vs 5 Forward 
   Center                   Left Wing                Right Wing               Time % Phy DF OF 
 1 Nico Hischier            Alex Ovechkin            Tom Wilson               33     1   1  3  
 2 Tomas Hertl              Drake Batherson          Jason Robertson          31     0   1  4  
 3 Lars Eller               Owen Tippett             Nick Foligno             25     1   2  2  
 4 Sean Kuraly              Stefan Noesen            Fabian Zetterlund        11     2   0  3  

5 vs 5 Defense 
   Defense                  Defense                                           Time % Phy DF OF 
 1 John Carlson             Ian Cole                                          38     0   2  3  
 2 Thomas Harley            Tyler Myers                                       35     0   2  3  
 3 Jamie Oleksiak           Nick Jensen                                       27     0   3  2  
 4 Jamie Oleksiak           Nick Jensen                                       0      1   2  2  

PowerPlay Forward 
   Center                   Left Wing                Right Wing               Time % Phy DF OF 
 1 Nico Hischier            Alex Ovechkin            Tom Wilson               50     0   0  5  
 2 Tomas Hertl              Drake Batherson          Jason Robertson          50     0   0  5  

PowerPlay Defense
   Defense                  Defense                                           Time % Phy DF OF 
 1 John Carlson             Nick Foligno                                      50     0   2  3  
 2 Thomas Harley            Owen Tippett                                      50     0   2  3  

Penalty Kill 4 Players Forward 
   Center                   Wing                     Time % Phy DF OF 
 1 Lars Eller               Nick Foligno             50     0   3  2  
 2 Sean Kuraly              Stefan Noesen            50     0   3  2  

Penalty Kill 4 Players Defense
   Defense                  Defense                  Time % Phy DF OF 
 1 John Carlson             Ian Cole                 50     0   4  1  
 2 Jamie Oleksiak           Tyler Myers              50     0   4  1  

Penalty Kill - 3 Players Forward 
   Forward                                           Time % Phy DF OF 
 1 Nick Foligno                                      50     0   5  0  
 2 Lars Eller                                        50     0   5  0  

Penalty Kill - 3 Players Defense
   Defense                  Defense                  Time % Phy DF OF 
 1 John Carlson             Ian Cole                 50     2   3  0  
 2 Jamie Oleksiak           Tyler Myers              50     3   2  0  

4 vs 4 Forward 
   Center                   Wing                     Time % Phy DF OF 
 1 Nico Hischier            Owen Tippett             50     0   1  4  
 2 Tomas Hertl              Jason Robertson          50     0   1  4  

4 vs 4 Defense
   Defense                  Defense                  Time % Phy DF OF 
 1 John Carlson             Ian Cole                 50     0   2  3  
 2 Thomas Harley            Tyler Myers              50     0   2  3  

Last Minutes Offensive
   Center                   Left Wing                Right Wing               Defense                  Defense                  
   Nico Hischier            Tomas Hertl              Alex Ovechkin            Thomas Harley            Jason Robertson          

Last Minutes Defensive
   Center                   Left Wing                Right Wing               Defense                  Defense                  
   Nico Hischier            Nick Foligno             Tom Wilson               Ian Cole                 Jamie Oleksiak           

Goaltenders
Starting : Jake Oettinger           
Backup : Casey DeSmith            

Extra Forwards
Normal : Fabian Zetterlund, Stefan Noesen, Sean Kuraly - PP : Fabian Zetterlund, Stefan Noesen - PK : Nico Hischier
Extra Defensemen
Normal : Jamie Oleksiak, Nick Jensen, Tyler Myers - PP : Ian Cole - PK : Thomas Harley, Nick Jensen
Penalty Shots
Jason Robertson, Fabian Zetterlund, Owen Tippett, Alex Ovechkin, Drake Batherson

Scratches
James van Riemsdyk (Healthy), Calvin Pickard (Healthy)

% Time on Ice - Calgary Flames

Lines # - Real PCT - Wanted PCT - Time Play
Normal Forward
1 - 30% - 30% - 14:17
2 - 29% - 30% - 13:53
3 - 24% - 25% - 11:11
4 - 17% - 15% - 7:56
Normal Defense
1 - 35% - 35% - 16:26
2 - 35% - 35% - 16:46
3 - 30% - 30% - 14:05
4 - 0% - 0% - 0:00
PP Forward
1 - 45% - 50% - 3:35
2 - 55% - 50% - 4:22
PP Defense
1 - 50% - 50% - 3:57
2 - 50% - 50% - 4:00
PK Forward
1 - 42% - 50% - 2:00
2 - 58% - 50% - 2:46
PK Defense
1 - 62% - 50% - 2:57
2 - 38% - 50% - 1:49
PK3 Forward
1 - 0% - 50%
2 - 0% - 50%
PK3 Defense
1 - 0% - 50%
2 - 0% - 50%
44 Forward
1 - 0% - 50%
2 - 0% - 50%
44 Defense
1 - 0% - 50%
2 - 0% - 50%
Last Minute Offensive  - 0:00
Last Minute Defensive  - 0:00
Total
Forward - 60:00
Defense - 60:00

% Time on Ice - Washington Capitals

Lines # - Real PCT - Wanted PCT - Time Play
Normal Forward
1 - 29% - 33% - 13:55
2 - 30% - 31% - 14:18
3 - 22% - 25% - 10:26
4 - 18% - 11% - 8:38
Normal Defense
1 - 37% - 38% - 17:42
2 - 37% - 35% - 17:21
3 - 26% - 27% - 12:14
4 - 0% - 0% - 0:00
PP Forward
1 - 51% - 50% - 2:25
2 - 49% - 50% - 2:21
PP Defense
1 - 49% - 50% - 2:21
2 - 51% - 50% - 2:25
PK Forward
1 - 49% - 50% - 3:55
2 - 51% - 50% - 4:02
PK Defense
1 - 50% - 50% - 3:57
2 - 50% - 50% - 4:00
PK3 Forward
1 - 0% - 50%
2 - 0% - 50%
PK3 Defense
1 - 0% - 50%
2 - 0% - 50%
44 Forward
1 - 0% - 50%
2 - 0% - 50%
44 Defense
1 - 0% - 50%
2 - 0% - 50%
Last Minute Offensive  - 0:00
Last Minute Defensive  - 0:00
Total
Forward - 60:00
Defense - 60:00

Play-by-Play

1st period


0:01 of 1st period - Bo Horvat wins face-off versus Nico Hischier in neutral zone.
0:04 of 1st period - Nico Hischier is hit by Zach Hyman and loses puck.
0:27 of 1st period - John Carlson is hit by Angus Crookshank and loses puck.
1:18 of 1st period - Slapshot by Nico Hischier.
1:18 of 1st period - Stopped by Pheonix Copley with a rebound.
1:26 of 1st period - Snap shot by Pavel Zacha.
1:26 of 1st period - Shot Misses the Net.
1:44 of 1st period - Snap shot by Alex Ovechkin.
1:44 of 1st period - Shot Blocked by Filip Hronek.
1:54 of 1st period - Slapshot by Pavel Zacha.
1:54 of 1st period - Shot Misses the Net.
1:56 of 1st period - Wrist shot by Angus Crookshank.
1:56 of 1st period - Deflect By Joel Eriksson Ek.
1:56 of 1st period - Goal by Joel Eriksson Ek - Calgary Flames : 1 - Washington Capitals : 0.
1:57 of 1st period - J.T. Miller wins face-off versus Tomas Hertl in neutral zone.
2:06 of 1st period - Snap shot by Drake Batherson.
2:06 of 1st period - Shot Misses the Net.
2:08 of 1st period - Minor Penalty to J.T. Miller for Slashing.
2:09 of 1st period - Tomas Hertl wins face-off versus Sebastian Aho in Calgary Flames zone.
2:20 of 1st period - Snap shot by Drake Batherson.
2:20 of 1st period - Shot Misses the Net.
2:22 of 1st period - Wrist shot by Jason Robertson.
2:22 of 1st period - Goal by Jason Robertson - Calgary Flames : 1 - Washington Capitals : 1.
2:23 of 1st period - J.T. Miller wins face-off versus Lars Eller in neutral zone.
2:36 of 1st period - Wrist shot by Chris Kreider.
2:36 of 1st period - Stopped by Jake Oettinger without a rebound.
2:37 of 1st period - Bo Horvat wins face-off versus Tomas Hertl in Washington Capitals zone.
2:44 of 1st period - Wrist shot by Sebastian Aho.
2:44 of 1st period - Shot Misses the Net.
2:46 of 1st period - Slapshot by Bo Horvat.
2:46 of 1st period - Goal by Bo Horvat - Calgary Flames : 2 - Washington Capitals : 1.
2:47 of 1st period - Nic Dowd wins face-off versus Tomas Hertl in neutral zone.
2:50 of 1st period - Snap shot by Nic Dowd.
2:50 of 1st period - Shot Blocked by Tyler Myers.
2:52 of 1st period - Slapshot by Alec Martinez.
2:52 of 1st period - Goal by Alec Martinez - Calgary Flames : 3 - Washington Capitals : 1.
2:53 of 1st period - Lars Eller wins face-off versus J.T. Miller in neutral zone.
3:03 of 1st period - Slapshot by Cale Makar.
3:03 of 1st period - Shot Blocked by Jamie Oleksiak.
3:05 of 1st period - Wrist shot by J.T. Miller.
3:05 of 1st period - Shot Blocked by Jamie Oleksiak.
6:06 of 1st period - Cale Makar is hit by Tom Wilson and loses puck.
6:58 of 1st period - Slapshot by Stefan Noesen.
6:58 of 1st period - Shot Blocked by Drew Doughty.
7:42 of 1st period - Snap shot by Stefan Noesen.
7:42 of 1st period - Shot Blocked by Drew Doughty.
7:44 of 1st period - Slapshot by Jamie Oleksiak.
7:44 of 1st period - Shot Misses the Net.
7:46 of 1st period - Snap shot by Stefan Noesen.
7:46 of 1st period - Stopped by Pheonix Copley without a rebound.
7:47 of 1st period - Tomas Hertl wins face-off versus Bo Horvat in Calgary Flames zone.
7:52 of 1st period - Wrist shot by Drake Batherson.
7:52 of 1st period - Shot Misses the Net.
7:54 of 1st period - Snap shot by John Carlson.
7:54 of 1st period - Stopped by Pheonix Copley without a rebound.
7:55 of 1st period - Bo Horvat wins face-off versus Tomas Hertl in Calgary Flames zone.
8:10 of 1st period - Snap shot by Zach Hyman.
8:10 of 1st period - Shot Misses the Net.
8:36 of 1st period - Wrist shot by Jason Robertson.
8:36 of 1st period - Deflect By Tomas Hertl.
8:36 of 1st period - Shot Hit the Post.
8:36 of 1st period - Puck is out of play.
8:37 of 1st period - J.T. Miller wins face-off versus Owen Tippett in Calgary Flames zone.
8:39 of 1st period - Minor Penalty to J.T. Miller for Tripping.
8:40 of 1st period - Nico Hischier wins face-off versus Bo Horvat in Calgary Flames zone.
8:42 of 1st period - Snap shot by Alex Ovechkin.
8:42 of 1st period - Stopped by Pheonix Copley with a rebound.
8:44 of 1st period - Slapshot by John Carlson.
8:44 of 1st period - Shot Blocked by Joel Eriksson Ek.
8:46 of 1st period - Backhand shot by Nick Foligno.
8:46 of 1st period - Deflect By Alec Martinez.
8:46 of 1st period - Stopped by Pheonix Copley without a rebound.
8:47 of 1st period - Bo Horvat wins face-off versus Nico Hischier in Calgary Flames zone.
8:56 of 1st period - Joel Eriksson Ek is hit by Nick Foligno and loses puck.
9:21 of 1st period - Wrist shot by Joel Eriksson Ek.
9:21 of 1st period - Shot Misses the Net.
9:37 of 1st period - Off-side.
9:38 of 1st period - Tomas Hertl wins face-off versus Ben Meyers in neutral zone.
9:49 of 1st period - Off-side.
9:50 of 1st period - Sebastian Aho wins face-off versus Tomas Hertl in neutral zone.
9:59 of 1st period - Slapshot by Cale Makar.
9:59 of 1st period - Stopped by Jake Oettinger with a rebound.
10:39 of 1st period - Penalty to J.T. Miller is over, J.T. Miller is back on ice.
10:52 of 1st period - Wrist shot by J.T. Miller.
10:52 of 1st period - Deflect By Bo Horvat.
10:52 of 1st period - Stopped by Jake Oettinger with a rebound.
11:10 of 1st period - Slapshot by Drake Batherson.
11:10 of 1st period - Goal by Drake Batherson - Calgary Flames : 3 - Washington Capitals : 2.
11:11 of 1st period - J.T. Miller wins face-off versus Nico Hischier in neutral zone.
11:27 of 1st period - Thomas Harley is hit by Mathieu Joseph and loses puck.
11:42 of 1st period - Off-side.
11:43 of 1st period - Lars Eller wins face-off versus Bo Horvat in neutral zone.
11:47 of 1st period - Icing by Bo Horvat.
11:48 of 1st period - Lars Eller wins face-off versus Bo Horvat in Calgary Flames zone.
12:58 of 1st period - Joel Eriksson Ek is hit by Ian Cole and loses puck.
13:03 of 1st period - Snap shot by Stefan Noesen.
13:03 of 1st period - Stopped by Pheonix Copley without a rebound.
13:04 of 1st period - Lars Eller wins face-off versus J.T. Miller in Calgary Flames zone.
13:11 of 1st period - Wrist shot by Owen Tippett.
13:11 of 1st period - Stopped by Pheonix Copley with a rebound.
13:37 of 1st period - Snap shot by Bo Horvat.
13:37 of 1st period - Stopped by Jake Oettinger without a rebound.
13:38 of 1st period - Bo Horvat wins face-off versus Nico Hischier in Washington Capitals zone.
13:39 of 1st period - Snap shot by Sebastian Aho.
13:39 of 1st period - Stopped by Jake Oettinger without a rebound.
13:40 of 1st period - Nico Hischier wins face-off versus Mathieu Joseph in Washington Capitals zone.
14:24 of 1st period - Icing by Nick Jensen.
14:25 of 1st period - Nic Dowd wins face-off versus Lars Eller in Washington Capitals zone.
15:20 of 1st period - Wrist shot by Tom Wilson.
15:20 of 1st period - Stopped by Pheonix Copley without a rebound.
15:21 of 1st period - Nico Hischier wins face-off versus J.T. Miller in Calgary Flames zone.
16:06 of 1st period - Icing by Kris Letang.
16:07 of 1st period - Joel Eriksson Ek wins face-off versus Lars Eller in Calgary Flames zone.
16:14 of 1st period - Ian Cole is hit by Mathieu Joseph and loses puck.
16:34 of 1st period - Off-side.
16:35 of 1st period - Bo Horvat wins face-off versus Tomas Hertl in neutral zone.
16:49 of 1st period - Off-side.
16:50 of 1st period - Nico Hischier wins face-off versus Chris Kreider in neutral zone.
17:17 of 1st period - Sebastian Aho is hit by Drake Batherson and loses puck.
17:27 of 1st period - Cale Makar is hit by Thomas Harley and loses puck.
17:34 of 1st period - Minor Penalty to Tyler Myers for Tripping.
17:35 of 1st period - Lars Eller wins face-off versus Bo Horvat in Washington Capitals zone.
17:35 of 1st period - Lars Eller is hit by Sebastian Aho.
19:29 of 1st period - Icing by Kris Letang.
19:30 of 1st period - J.T. Miller wins face-off versus Nico Hischier in Calgary Flames zone.
19:34 of 1st period - Penalty to Tyler Myers is over, Tyler Myers is back on ice.
Goals for this period are 3 for Calgary Flames vs 2 for Washington Capitals.
Shots for this period are 8 for Calgary Flames vs 10 for Washington Capitals.

2nd period


0:01 of 2nd period - Lars Eller wins face-off versus J.T. Miller in neutral zone.
0:06 of 2nd period - Slapshot by Thomas Harley.
0:06 of 2nd period - Shot Blocked by Chris Kreider.
0:26 of 2nd period - Thomas Harley is hit by Joel Eriksson Ek and loses puck.
0:35 of 2nd period - Snap shot by Joel Eriksson Ek.
0:35 of 2nd period - Shot Misses the Net.
0:55 of 2nd period - Owen Tippett is hit by Nick Paul and loses puck.
1:02 of 2nd period - Wrist shot by Nic Dowd.
1:02 of 2nd period - Stopped by Jake Oettinger with a rebound.
1:39 of 2nd period - Wrist shot by Pavel Zacha.
1:39 of 2nd period - Shot Misses the Net.
1:41 of 2nd period - Snap shot by Kris Letang.
1:41 of 2nd period - Shot Misses the Net.
1:45 of 2nd period - Wrist shot by Joel Eriksson Ek.
1:45 of 2nd period - Shot Misses the Net.
2:21 of 2nd period - Snap shot by Nick Paul.
2:21 of 2nd period - Shot Blocked by Ian Cole.
2:23 of 2nd period - Backhand shot by Kris Letang.
2:23 of 2nd period - Stopped by Jake Oettinger with a rebound.
2:27 of 2nd period - Snap shot by Ben Meyers.
2:27 of 2nd period - Stopped by Jake Oettinger with a rebound.
2:29 of 2nd period - Wrist shot by Nic Dowd.
2:29 of 2nd period - Shot Misses the Net.
2:38 of 2nd period - Icing by John Carlson.
2:39 of 2nd period - Sean Kuraly wins face-off versus Bo Horvat in Washington Capitals zone.
3:08 of 2nd period - Snap shot by Tom Wilson.
3:08 of 2nd period - Shot Blocked by Uvis Balinskis.
3:10 of 2nd period - Wrist shot by Alex Ovechkin.
3:10 of 2nd period - Shot Misses the Net.
3:12 of 2nd period - Slapshot by Nick Jensen.
3:12 of 2nd period - Stopped by Pheonix Copley with a rebound.
3:36 of 2nd period - Backhand shot by Pavel Zacha.
3:36 of 2nd period - Deflect By Joel Eriksson Ek.
3:36 of 2nd period - Shot Misses the Net.
3:36 of 2nd period - Puck is out of play.
3:37 of 2nd period - Bo Horvat wins face-off versus Alex Ovechkin in Washington Capitals zone.
3:42 of 2nd period - Slapshot by Bo Horvat.
3:42 of 2nd period - Stopped by Jake Oettinger without a rebound.
3:43 of 2nd period - Bo Horvat wins face-off versus Nico Hischier in Washington Capitals zone.
3:44 of 2nd period - Snap shot by Sebastian Aho.
3:44 of 2nd period - Stopped by Jake Oettinger with a rebound.
4:14 of 2nd period - Alec Martinez is hit by Ian Cole and loses puck.
4:42 of 2nd period - Snap shot by Pavel Zacha.
4:42 of 2nd period - Shot Blocked by Nick Jensen.
4:56 of 2nd period - Snap shot by Sebastian Aho.
4:56 of 2nd period - Stopped by Jake Oettinger without a rebound.
4:57 of 2nd period - Bo Horvat wins face-off versus Lars Eller in Washington Capitals zone.
5:05 of 2nd period - Icing by Tyler Myers.
5:06 of 2nd period - J.T. Miller wins face-off versus Lars Eller in Washington Capitals zone.
5:11 of 2nd period - Wrist shot by J.T. Miller.
5:11 of 2nd period - Stopped by Jake Oettinger with a rebound.
5:13 of 2nd period - Snap shot by Chris Kreider.
5:13 of 2nd period - Stopped by Jake Oettinger with a rebound.
5:15 of 2nd period - Slapshot by Chris Kreider.
5:15 of 2nd period - Shot Blocked by Thomas Harley.
5:59 of 2nd period - Wrist shot by Nico Hischier.
5:59 of 2nd period - Shot Blocked by Ben Meyers.
6:01 of 2nd period - Slapshot by Thomas Harley.
6:01 of 2nd period - Shot Blocked by Kris Letang.
6:03 of 2nd period - Snap shot by Nico Hischier.
6:03 of 2nd period - Stopped by Pheonix Copley with a rebound.
6:19 of 2nd period - Snap shot by Pavel Zacha.
6:19 of 2nd period - Shot Blocked by Ian Cole.
6:21 of 2nd period - Wrist shot by Joel Eriksson Ek.
6:21 of 2nd period - Shot Blocked by Ian Cole.
6:23 of 2nd period - Slapshot by Angus Crookshank.
6:23 of 2nd period - Goal by Angus Crookshank - Calgary Flames : 4 - Washington Capitals : 2.
6:24 of 2nd period - Nico Hischier wins face-off versus J.T. Miller in neutral zone.
6:33 of 2nd period - Slapshot by Nico Hischier.
6:33 of 2nd period - Stopped by Pheonix Copley with a rebound.
6:39 of 2nd period - Snap shot by Tom Wilson.
6:39 of 2nd period - Shot Blocked by Chris Kreider.
6:41 of 2nd period - Wrist shot by Nico Hischier.
6:41 of 2nd period - Shot Misses the Net.
6:52 of 2nd period - Off-side.
6:53 of 2nd period - Bo Horvat wins face-off versus Tomas Hertl in neutral zone.
6:56 of 2nd period - Slapshot by Bo Horvat.
6:56 of 2nd period - Stopped by Jake Oettinger with a rebound.
6:58 of 2nd period - Wrist shot by Sebastian Aho.
6:58 of 2nd period - Stopped by Jake Oettinger without a rebound.
6:59 of 2nd period - J.T. Miller wins face-off versus Nico Hischier in Washington Capitals zone.
7:24 of 2nd period - Wrist shot by Tom Wilson.
7:24 of 2nd period - Stopped by Pheonix Copley without a rebound.
7:25 of 2nd period - Tomas Hertl wins face-off versus Joel Eriksson Ek in Calgary Flames zone.
7:36 of 2nd period - Wrist shot by Jason Robertson.
7:36 of 2nd period - Deflect By Drake Batherson.
7:36 of 2nd period - Shot Blocked by Filip Hronek.
7:36 of 2nd period - Puck is out of play.
7:37 of 2nd period - Bo Horvat wins face-off versus Tom Wilson in Calgary Flames zone.
7:46 of 2nd period - Wrist shot by Sebastian Aho.
7:46 of 2nd period - Deflect By Zach Hyman.
7:46 of 2nd period - Stopped by Jake Oettinger with a rebound.
7:54 of 2nd period - Slapshot by Sebastian Aho.
7:54 of 2nd period - Shot Blocked by Ian Cole.
8:50 of 2nd period - Sean Kuraly is hit by Nic Dowd and loses puck.
9:14 of 2nd period - Minor Penalty to Kris Letang for Interference.
9:15 of 2nd period - Tomas Hertl wins face-off versus Bo Horvat in Calgary Flames zone.
9:46 of 2nd period - Slapshot by Alex Ovechkin.
9:46 of 2nd period - Shot Blocked by Cale Makar.
9:48 of 2nd period - Wrist shot by John Carlson.
9:48 of 2nd period - Goal by John Carlson - Calgary Flames : 4 - Washington Capitals : 3.
9:49 of 2nd period - Tomas Hertl wins face-off versus Mathieu Joseph in neutral zone.
11:05 of 2nd period - Off-side.
11:06 of 2nd period - Nic Dowd wins face-off versus Tomas Hertl in neutral zone.
11:33 of 2nd period - Snap shot by Drake Batherson.
11:33 of 2nd period - Shot Misses the Net.
11:41 of 2nd period - Wrist shot by Ben Meyers.
11:41 of 2nd period - Shot Misses the Net.
11:43 of 2nd period - Snap shot by Nic Dowd.
11:43 of 2nd period - Goal by Nic Dowd - Calgary Flames : 5 - Washington Capitals : 3.
11:44 of 2nd period - Nico Hischier wins face-off versus J.T. Miller in neutral zone.
11:58 of 2nd period - Snap shot by Tom Wilson.
11:58 of 2nd period - Stopped by Pheonix Copley with a rebound.
12:43 of 2nd period - Minor Penalty to Owen Tippett for Holding.
12:44 of 2nd period - Bo Horvat wins face-off versus Lars Eller in Washington Capitals zone.
13:17 of 2nd period - Off-side.
13:18 of 2nd period - J.T. Miller wins face-off versus Sean Kuraly in neutral zone.
13:26 of 2nd period - Off-side.
13:27 of 2nd period - J.T. Miller wins face-off versus Lars Eller in neutral zone.
13:30 of 2nd period - Tyler Myers is hit by J.T. Miller and loses puck.
13:45 of 2nd period - Sean Kuraly is hit by Chris Kreider and loses puck.
14:00 of 2nd period - Wrist shot by Chris Kreider.
14:00 of 2nd period - Stopped by Jake Oettinger without a rebound.
14:01 of 2nd period - Bo Horvat wins face-off versus Lars Eller in Washington Capitals zone.
14:06 of 2nd period - Wrist shot by Bo Horvat.
14:06 of 2nd period - Stopped by Jake Oettinger with a rebound.
14:43 of 2nd period - Penalty to Owen Tippett is over, Owen Tippett is back on ice.
15:05 of 2nd period - Jamie Oleksiak is hit by Pavel Zacha and loses puck.
16:09 of 2nd period - Wrist shot by Fabian Zetterlund.
16:09 of 2nd period - Stopped by Pheonix Copley without a rebound.
16:10 of 2nd period - Nico Hischier wins face-off versus Joel Eriksson Ek in Calgary Flames zone.
16:11 of 2nd period - Snap shot by Alex Ovechkin.
16:11 of 2nd period - Shot Misses the Net.
16:17 of 2nd period - Snap shot by Alex Ovechkin.
16:17 of 2nd period - Stopped by Pheonix Copley with a rebound.
16:41 of 2nd period - Slapshot by Cale Makar.
16:41 of 2nd period - Deflect By Tyler Myers.
16:41 of 2nd period - Stopped by Jake Oettinger with a rebound.
16:43 of 2nd period - Slapshot by Mathieu Joseph.
16:43 of 2nd period - Stopped by Jake Oettinger with a rebound.
16:45 of 2nd period - Slapshot by Chris Kreider.
16:45 of 2nd period - Shot Misses the Net.
16:47 of 2nd period - Backhand shot by J.T. Miller.
16:47 of 2nd period - Stopped by Jake Oettinger without a rebound.
16:48 of 2nd period - Lars Eller wins face-off versus Bo Horvat in Washington Capitals zone.
16:48 of 2nd period - Lars Eller is hit by Sebastian Aho.
18:42 of 2nd period - Snap shot by Chris Kreider.
18:42 of 2nd period - Shot Misses the Net.
19:02 of 2nd period - Angus Crookshank is hit by Alex Ovechkin and loses puck.
19:29 of 2nd period - Sean Kuraly is hit by Drew Doughty and loses puck.
Goals for this period are 2 for Calgary Flames vs 1 for Washington Capitals.
Shots for this period are 18 for Calgary Flames vs 8 for Washington Capitals.

3rd period


0:01 of 3rd period - J.T. Miller wins face-off versus Nico Hischier in neutral zone.
0:52 of 3rd period - Off-side.
0:53 of 3rd period - J.T. Miller wins face-off versus Nico Hischier in neutral zone.
1:18 of 3rd period - Filip Hronek is hit by Jason Robertson and loses puck.
1:29 of 3rd period - Wrist shot by Zach Hyman.
1:29 of 3rd period - Shot Blocked by Jamie Oleksiak.
1:53 of 3rd period - Slapshot by Joel Eriksson Ek.
1:53 of 3rd period - Shot Misses the Net.
2:04 of 3rd period - Off-side.
2:05 of 3rd period - Nic Dowd wins face-off versus Sean Kuraly in neutral zone.
2:25 of 3rd period - Tyler Myers is hit by Cale Makar and loses puck.
3:15 of 3rd period - Slapshot by Filip Hronek.
3:15 of 3rd period - Deflect By Thomas Harley.
3:15 of 3rd period - Stopped by Jake Oettinger with a rebound.
3:27 of 3rd period - Snap shot by Fabian Zetterlund.
3:27 of 3rd period - Stopped by Pheonix Copley with a rebound.
3:29 of 3rd period - Slapshot by Thomas Harley.
3:29 of 3rd period - Deflect By Sean Kuraly.
3:29 of 3rd period - Deflect By Nick Paul.
3:29 of 3rd period - Shot Misses the Net.
3:29 of 3rd period - Puck is out of play.
3:30 of 3rd period - Nico Hischier wins face-off versus J.T. Miller in Calgary Flames zone.
3:35 of 3rd period - Wrist shot by Nico Hischier.
3:35 of 3rd period - Stopped by Pheonix Copley without a rebound.
3:36 of 3rd period - Nico Hischier wins face-off versus Chris Kreider in Calgary Flames zone.
3:45 of 3rd period - Slapshot by Chris Kreider.
3:45 of 3rd period - Shot Misses the Net.
3:47 of 3rd period - Snap shot by Mathieu Joseph.
3:47 of 3rd period - Stopped by Jake Oettinger without a rebound.
3:48 of 3rd period - Nico Hischier wins face-off versus J.T. Miller in Washington Capitals zone.
3:54 of 3rd period - John Carlson is hit by Kris Letang and loses puck.
4:05 of 3rd period - Wrist shot by Alex Ovechkin.
4:05 of 3rd period - Stopped by Pheonix Copley with a rebound.
4:11 of 3rd period - Minor Penalty to J.T. Miller for Interference.
4:12 of 3rd period - Tomas Hertl wins face-off versus Bo Horvat in Calgary Flames zone.
4:37 of 3rd period - Alec Martinez is hit by Alex Ovechkin and loses puck.
5:06 of 3rd period - Snap shot by Cale Makar.
5:06 of 3rd period - Shot Blocked by Tom Wilson.
5:20 of 3rd period - Snap shot by Tomas Hertl.
5:20 of 3rd period - Stopped by Pheonix Copley without a rebound.
5:21 of 3rd period - Tomas Hertl wins face-off versus Ben Meyers in Calgary Flames zone.
6:11 of 3rd period - Penalty to J.T. Miller is over, J.T. Miller is back on ice.
6:22 of 3rd period - Snap shot by Chris Kreider.
6:22 of 3rd period - Shot Misses the Net.
7:35 of 3rd period - Snap shot by Cale Makar.
7:35 of 3rd period - Deflect By Nic Dowd.
7:35 of 3rd period - Stopped by Jake Oettinger without a rebound.
7:36 of 3rd period - Nic Dowd wins face-off versus Sean Kuraly in Washington Capitals zone.
8:01 of 3rd period - Kris Letang is hit by Tom Wilson and loses puck.
8:28 of 3rd period - Wrist shot by Kris Letang.
8:28 of 3rd period - Stopped by Jake Oettinger with a rebound.
8:32 of 3rd period - Snap shot by Bo Horvat.
8:32 of 3rd period - Shot Blocked by Ian Cole.
8:34 of 3rd period - Snap shot by Cale Makar.
8:34 of 3rd period - Deflect By Sebastian Aho.
8:34 of 3rd period - Shot Misses the Net.
8:34 of 3rd period - Puck is out of play.
8:35 of 3rd period - Joel Eriksson Ek wins face-off versus Lars Eller in Washington Capitals zone.
9:11 of 3rd period - Snap shot by Bo Horvat.
9:11 of 3rd period - Stopped by Jake Oettinger with a rebound.
9:13 of 3rd period - Wrist shot by Zach Hyman.
9:13 of 3rd period - Shot Misses the Net.
9:27 of 3rd period - Backhand shot by Jason Robertson.
9:27 of 3rd period - Stopped by Pheonix Copley with a rebound.
9:29 of 3rd period - Snap shot by Jamie Oleksiak.
9:29 of 3rd period - Deflect By Jason Robertson.
9:29 of 3rd period - Stopped by Pheonix Copley with a rebound.
9:31 of 3rd period - Backhand shot by Tomas Hertl.
9:31 of 3rd period - Shot Misses the Net.
9:33 of 3rd period - Snap shot by Jason Robertson.
9:33 of 3rd period - Stopped by Pheonix Copley with a rebound.
9:49 of 3rd period - Wrist shot by Nick Paul.
9:49 of 3rd period - Shot Blocked by Ian Cole.
10:21 of 3rd period - Ian Cole is hit by Pavel Zacha and loses puck.
10:30 of 3rd period - Wrist shot by Tom Wilson.
10:30 of 3rd period - Shot Blocked by Drew Doughty.
10:32 of 3rd period - Wrist shot by Tom Wilson.
10:32 of 3rd period - Shot Blocked by Drew Doughty.
10:34 of 3rd period - Slapshot by John Carlson.
10:34 of 3rd period - Stopped by Pheonix Copley with a rebound.
10:42 of 3rd period - Wrist shot by Joel Eriksson Ek.
10:42 of 3rd period - Stopped by Jake Oettinger without a rebound.
10:43 of 3rd period - Tomas Hertl wins face-off versus Bo Horvat in Washington Capitals zone.
11:27 of 3rd period - Slapshot by Cale Makar.
11:27 of 3rd period - Stopped by Jake Oettinger with a rebound.
11:38 of 3rd period - Icing by Nick Jensen.
11:39 of 3rd period - Sean Kuraly wins face-off versus Bo Horvat in Washington Capitals zone.
11:48 of 3rd period - Snap shot by Sean Kuraly.
11:48 of 3rd period - Stopped by Pheonix Copley with a rebound.
11:50 of 3rd period - Slapshot by Jamie Oleksiak.
11:50 of 3rd period - Shot Blocked by Alec Martinez.
11:52 of 3rd period - Slapshot by Nick Jensen.
11:52 of 3rd period - Shot Hit the Post.
11:54 of 3rd period - Snap shot by Nick Jensen.
11:54 of 3rd period - Stopped by Pheonix Copley with a rebound.
12:08 of 3rd period - Wrist shot by Fabian Zetterlund.
12:08 of 3rd period - Shot Misses the Net.
12:10 of 3rd period - Slapshot by Sean Kuraly.
12:10 of 3rd period - Shot Misses the Net.
12:12 of 3rd period - Slapshot by Jamie Oleksiak.
12:12 of 3rd period - Stopped by Pheonix Copley with a rebound.
12:14 of 3rd period - Slapshot by Jamie Oleksiak.
12:14 of 3rd period - Shot Blocked by Drew Doughty.
12:16 of 3rd period - Wrist shot by Nick Jensen.
12:16 of 3rd period - Stopped by Pheonix Copley without a rebound.
12:17 of 3rd period - Tomas Hertl wins face-off versus Mathieu Joseph in Calgary Flames zone.
12:18 of 3rd period - Slapshot by Drake Batherson.
12:18 of 3rd period - Stopped by Pheonix Copley without a rebound.
12:19 of 3rd period - Tomas Hertl wins face-off versus J.T. Miller in Calgary Flames zone.
12:20 of 3rd period - Slapshot by Drake Batherson.
12:20 of 3rd period - Shot Misses the Net.
12:22 of 3rd period - Snap shot by Drake Batherson.
12:22 of 3rd period - Stopped by Pheonix Copley with a rebound.
12:24 of 3rd period - Slapshot by John Carlson.
12:24 of 3rd period - Stopped by Pheonix Copley with a rebound.
12:26 of 3rd period - Snap shot by Tomas Hertl.
12:26 of 3rd period - Stopped by Pheonix Copley with a rebound.
12:28 of 3rd period - Slapshot by Ian Cole.
12:28 of 3rd period - Stopped by Pheonix Copley without a rebound.
12:29 of 3rd period - J.T. Miller wins face-off versus Nico Hischier in Calgary Flames zone.
12:29 of 3rd period - J.T. Miller is hit by Nico Hischier.
13:17 of 3rd period - Icing by Thomas Harley.
13:18 of 3rd period - Lars Eller wins face-off versus Angus Crookshank in Washington Capitals zone.
13:35 of 3rd period - Slapshot by Pavel Zacha.
13:35 of 3rd period - Deflect By Joel Eriksson Ek.
13:35 of 3rd period - Stopped by Jake Oettinger with a rebound.
13:49 of 3rd period - Snap shot by Bo Horvat.
13:49 of 3rd period - Shot Misses the Net.
13:51 of 3rd period - Slapshot by Uvis Balinskis.
13:51 of 3rd period - Shot Misses the Net.
13:53 of 3rd period - Backhand shot by Filip Hronek.
13:53 of 3rd period - Stopped by Jake Oettinger without a rebound.
13:54 of 3rd period - J.T. Miller wins face-off versus Alex Ovechkin in Washington Capitals zone.
14:15 of 3rd period - Double Minor Penalty to Tom Wilson for Slashing.
14:16 of 3rd period - Bo Horvat wins face-off versus Lars Eller in Washington Capitals zone.
14:23 of 3rd period - Wrist shot by Zach Hyman.
14:23 of 3rd period - Stopped by Jake Oettinger with a rebound.
14:25 of 3rd period - Snap shot by Zach Hyman.
14:25 of 3rd period - Shot Blocked by Ian Cole.
14:27 of 3rd period - Snap shot by Alec Martinez.
14:27 of 3rd period - Shot Blocked by John Carlson.
14:53 of 3rd period - Slapshot by Stefan Noesen.
14:53 of 3rd period - Stopped by Pheonix Copley without a rebound.
14:54 of 3rd period - Sean Kuraly wins face-off versus J.T. Miller in Calgary Flames zone.
17:46 of 3rd period - Snap shot by Nic Dowd.
17:46 of 3rd period - Stopped by Jake Oettinger without a rebound.
17:47 of 3rd period - Nic Dowd wins face-off versus Lars Eller in Washington Capitals zone.
18:15 of 3rd period - Penalty to Tom Wilson is over, Tom Wilson is back on ice.
19:00 of 3rd period - Tomas Hertl is hit by Filip Hronek and loses puck.
Goals for this period are 0 for Calgary Flames vs 0 for Washington Capitals.
Shots for this period are 11 for Calgary Flames vs 18 for Washington Capitals.